 Dungeon Crawl Stone Soup version 0.30.0 (webtiles) character file.

Game seed: 1780182625680477446

252 browni3141 the Sneak (level 5, -4/49 HPs)
             Began as an Armataur Delver on May 6, 2023.
             Was a Follower of the Shining One.
             Slain by a gnoll
             ... wielding a +0 flail
              (6 damage)
             ... on level 4 of the Dungeon.
             The game lasted 00:03:56 (2708 turns).

browni3141 the Sneak (Armataur Delver)              Turns: 2708, Time: 00:03:56

Health: -4/49      AC:  7    Str: 20    XL:     5   Next: 89%
Magic:  7/7        EV:  6    Int: 10    God:    the Shining One [*.....]
Gold:   52         SH:  0    Dex: 11    Spells: 4/4 levels left

rFire   . . .        U - +0 mace
rCold   . . .        (no shield)
rNeg    . . .        S - +0 chain mail
rPois   .            (no helmet)
rElec   .            (no cloak)
rCorr   .            (no gloves)
SInv    .            (no barding)
Will    .....        (no amulet) Stlth
                     (no ring)
HPRegen 0.28/turn    (no ring)
MPRegen 0.10/turn

%: roll
@: glowing
A: large, rugged brown scales 3, deformed body, armoured tail, roll, long
tongue, awkward tongue
a: Renounce Religion, Divine Shield


You were on level 4 of the Dungeon.
You worshipped the Shining One.
The Shining One was aware of your devotion.
You visited 2 branches of the dungeon, and saw 6 of its levels.

You collected 147 gold pieces.
You spent 95 gold pieces at shops.

Inventory:

Hand Weapons
 a - a +0 short sword
 U - a +0 mace (weapon)
Missiles
 J - 7 javelins
 K - 5 poisoned darts (quivered)
 T - 2 boomerangs
Armour
 b - a +0 leather armour
 S - a +0 chain mail (worn)
 Z - a +0 ring mail
Jewellery
 R - a ring of protection from fire
Wands
 g - a wand of digging (3)
Scrolls
 d - a scroll of magic mapping
 r - a scroll of identify
 F - a scroll of fog
 L - 2 scrolls of teleportation {unknown}
 M - a scroll of noise {unknown}
 N - a scroll of vulnerability {unknown}
 O - a scroll of immolation {unknown}
 Q - a scroll of amnesia {unknown}
 V - a scroll of blinking
 X - a scroll of fear
Potions
 h - a potion of haste
 C - a potion of curing
 G - a potion of attraction
 H - a potion of degeneration
 W - a potion of might {unknown}
 Y - a potion of heal wounds {unknown}


   Skills:
 - Level 4.0 Fighting
 - Level 1.7 Short Blades
 * Level 2.8 Maces & Flails
 + Level 0.1 Armour
 - Level 1.3 Dodging
 - Level 5.4 Stealth
 * Level 3.3 Invocations


You had 4 spell levels left.
You didn't know any spells.
Your spell library was empty.

Dungeon Overview and Level Annotations

Branches:
Dungeon (5/15)             Temple (1/1) D:4

Altars:
Ashenzari
Dithmenos
Elyvilon
Fedhas
Hepliaklqana
Kikubaaqudgha
Qazlal
Sif Muna
Trog
Uskayaw
Vehumet
Wu Jian
Yredelemnul
Zin
The Shining One

Shops:
D:3 ?


Innate Abilities, Weirdness & Mutations

You are completely covered in rugged brown scales. (AC +3, +7% HP)
Armour fits poorly on your strangely shaped body.
You have a long armoured tail.
You roll when moving toward enemies. (Rampage)
Your long tongue fully drains potion bottles. (2x potion effects)
Your tongue gives you trouble enunciating. (1.5x scroll delay)


Message History

You start putting on your armour.
You continue putting on your +0 chain mail. x5
You finish putting on your +0 chain mail.
Done exploring.
Done exploring.
There is a stone staircase leading down here.
You climb downwards.
The kobold shouts!
There is a stone staircase leading up here.
A kobold is nearby!
A kobold is nearby!
A kobold is nearby!
You roll towards the kobold!
The kobold hits you with a +0 short sword.
You sock the kobold!
You kill the kobold!
No target in view!
Things that are here:
a +0 short sword; a stone No target in view!
A worm comes into view.
A worm is nearby!
You hit the worm.
The worm is lightly wounded.
You hit the worm.
You tail-slap the worm, but do no damage.
The worm is heavily wounded.
The worm bites you but does no damage.
You sock the worm!
The worm is almost dead.
The worm bites you but does no damage.
You hit the worm.
The worm is almost dead.
The worm bites you.
You hit the worm but do no damage. You tail-slap the worm.
You kill the worm!
HP restored.
Found an escape hatch in the floor.
The ball python hisses angrily.
A ball python is nearby!
A ball python is nearby!
A ball python is nearby!
You roll towards the ball python!
An orc comes into view. It is wielding a +0 dagger.
The orc shouts!
You hear an angry hiss.
You hear a shout!
You sock the ball python!
You kill the ball python!
A ball python comes into view.
The ball python hisses angrily.
A goblin comes into view. It is wielding a +0 dagger.
An orc comes into view. It is wielding a +0 flail.
You roll towards the orc!
You barely miss the orc.
The goblin shouts!
The orc shouts!
You tail-slap the orc.
The orc is heavily wounded.
You hear a shout! x2
The orc barely misses you.
A gnoll comes into view. It is wielding a +3 halberd.
The orc hits you with a +0 dagger.
You barely miss the orc.
The orc is heavily wounded.
The ball python bites you. The orc hits you but does no damage.
You hit the orc.
You kill the orc!
The ball python bites you but does no damage. x2
You hit the goblin.
You kill the goblin!
The ball python barely misses you.
A gnoll comes into view. It is wielding a +0 flail.
A worm comes into view.
You hit the ball python.
You kill the ball python!
You thump the orc!
You kill the orc!
The gnoll barely misses you. x2
The gnoll hits you with a +3 halberd!
Items here: ))) [ †.
You hit the gnoll but do no damage. The gnoll hits you with a +3 halberd.
A gnoll comes into view. It is wielding a +0 whip.
The gnoll shouts!
You thump the worm!
The worm is heavily wounded.
A gnoll comes into view. It is wielding a +0 flail.
You hit the worm. You tail-slap the worm.
The worm is almost dead.
The gnoll hits you from afar with a +3 halberd!
The worm bites you!
The gnoll hits you from afar with a +3 halberd!
The gnoll hits you with a +0 flail.
You are too injured to fight recklessly!
You are too injured to fight recklessly!
The gnoll attacks as you move away! The gnoll hits you with a +0 flail.
* * * LOW HITPOINT WARNING * * *
The gnoll attacks as you move away! The gnoll hits you with a +0 flail.
* * * LOW HITPOINT WARNING * * *
The gnoll attacks as you move away! The gnoll hits you but does no damage.
The gnoll attacks as you move away! The gnoll hits you with a +0 flail!
* * * LOW HITPOINT WARNING * * *
The gnoll attacks as you move away! The gnoll hits you with a +0 flail.
You die...

........=............
.......)..............
.......†.w............#
..###.###.............#
##.....##............ .
#..#.#..#............
#...#)#.#.g.........#
.#..#.#g.#........##
##...@g##.......##
###.###........######
....................
###..................
#.....>.......###..
..............# ##)
..##...........# #. ..
..#####.......#.
#..####..<


You could see 3 gnolls.

Vanquished Creatures
  Natasha (thrice) (D:3)
  An orc wizard (D:3)
  4 adders
  A shadow imp (D:3)
  An ufetubus (D:2)
  2 worms
  13 dart slugs
  6 orcs
  9 ball pythons
  2 bats
  4 endoplasms
  4 giant cockroaches
  5 goblins
  4 hobgoblins
  5 frilled lizards
  7 kobolds
  4 rats (D:1)
75 creatures vanquished.

Notes
Turn   | Place    | Note
-------+----------+-------------------------------------------
     0 | D:5      | browni3141 the Armataur Delver began the quest for the Orb.
     0 | D:5      | Reached XP level 1. HP: 19/19 MP: 1/1
    51 | D:5      | Noticed an iguana
    56 | D:4      | Noticed a gnoll bouda
    56 | D:4      | Found a staircase to the Ecumenical Temple.
    65 | Temple   | Entered the Ecumenical Temple
   235 | Temple   | Became a worshipper of the Shining One
   353 | D:2      | Reached skill level 3 in Fighting
   371 | D:2      | Reached XP level 2. HP: 10/27 MP: 2/2
   701 | D:1      | Reached XP level 3. HP: 35/35 MP: 3/3
  1711 | D:2      | Reached XP level 4. HP: 42/42 MP: 5/5
  1855 | D:3      | Found Opueguud's Magic Scroll Boutique.
  1860 | D:3      | Bought a scroll of blinking for 75 gold pieces
  1860 | D:3      | Bought a scroll of identify for 20 gold pieces
  2003 | D:3      | Noticed Natasha
  2003 | D:3      | Reached * piety under the Shining One
  2011 | D:3      | Killed Natasha
  2065 | D:3      | Noticed Natasha
  2074 | D:3      | Killed Natasha
  2156 | D:3      | Noticed Natasha
  2161 | D:3      | Killed Natasha
  2162 | D:3      | Reached XP level 5. HP: 49/49 MP: 6/6
  2309 | D:3      | Reached skill level 3 in Invocations
  2707 | D:4      | HP: 2/49 [gnoll/+0 flail (7)]
  2708 | D:4      | Slain by a gnoll

Illustrated notes

Levels and vault maps discovered:
D:1:      sevenhm_arrival_forest_fort_small_3, layout_loops_ring,
          minmay_quantized
D:2:      layout_rooms
D:3:      kennysheep_slugbush, layout_rooms, serial_shops, shop, uniq_natasha
D:4:      layout_layer_cave, lemuel_round_altar, gammafunk_temple_overflow_wave,
          mainiacjoe_overflow_two_lobes, minmay_temple_entry_grid,
          minmay_box_of_dots
D:5:      minmay_razor_zed, layout_layer_cave, kennysheep_pointless_box,
          minivault_19, nrook_pool_corridor
Temple:   regret_index_temple_waves

Skill      XL: |  1  2  3  4  5 |
---------------+----------------+-----
Fighting       | 3 4 |  4.0
Invocations    | 1 2 3 |  3.3
Maces & Flails | 2 |  2.8
Short Blades   | |  1.7
Armour         | |  0.1
Dodging        | |  1.3
Stealth        | |  5.4

Action                     |  1- 3 |  4- 6 || total
---------------------------+-------+-------++-------
  Melee: Short sword       |   105 |       ||   105
         Tailslap          |    18 |    16 ||    34
         Mace              |    14 |    82 ||    96
         Punch             |       |     1 ||     1
  Throw: Dart              |       |     4 ||     4
    Use: Scroll            |     1 |     3 ||     4
 Armour: Leather armour    |    29 |       ||    29
         Ring mail         |     6 |    26 ||    32
         Chain mail        |       |     6 ||     6
  Dodge: Dodged            |    74 |    34 ||   108
